Description

Standard TvZ, for testing purposes

Replay - Eastwatch LE (135) upload TvZ

Build Order

Get SALT Encoding   

  12  0:01  SCV  
  13  0:13  SCV  
  14  0:17  Supply Depot  
  14  0:25  SCV  
  15  0:38  SCV  
  15  0:40  Barracks  
  16  0:44  Refinery  
  16  0:51  SCV  
  17  1:03  SCV  
  18  1:15  SCV  
  19  1:29  Reaper, Orbital Command  
  20  1:40  Command Center  
  20  1:49  Supply Depot  
  20  1:55  SCV  
  21  2:01  Marine  
  21  2:07  SCV  
  23  2:13  Factory  
  23  2:17  Refinery  
  23  2:19  SCV  
  23  2:22  Barracks Reactor  
  26  2:53  Orbital Command  
  27  2:58  Starport  
  27  3:04  Hellion x2  
  27  3:05  Barracks Tech Lab  
  32  3:15  Supply Depot  
  33  3:25  Hellion x2  
  40  3:40  Banshee  
  40  3:41  Cloaking Field  
  43  3:45  Supply Depot  
  45  3:55  Hellion x2  
  49  4:01  Barracks Tech Lab  
  53  4:10  Supply Depot  
  55  4:25  Command Center  
  55  4:27  Banshee  
  55  4:30  Factory Reactor  
  55  4:31  Stimpack  
  60  4:42  Barracks x2  
  62  4:53  Marine  
  64  5:04  Engineering Bay x2  
  65  5:09  Refinery x2  
  65  5:11  Marine  
  67  5:29  Marine  
  67  5:33  Terran Infantry Armor Level 1, Terran Infantry Weapons Level 1  
  70  5:39  Orbital Command  
  70  5:44  Marine x5  
  70  5:45  Starport Reactor  
  78  5:59  Siege Tank  
  82  6:06  Orbital Command  
  80  6:22  Marine  
  79  6:26  Medivac x2  
  79  6:31  Siege Tank  
  90  6:45  Combat Shields  
  96  6:51  Armory  
  98  6:58  Medivac x2  
  107  7:03  Siege Tank  
  114  7:17  Refinery x2  
  114  7:20  Barracks x2  
  120  7:32  Medivac x2  
  120  7:35  Siege Tank  
  130  7:42  Terran Infantry Weapons Level 2  
  133  7:49  Barracks x3  
  133  7:53  Terran Infantry Armor Level 2  
  134  8:08  Barracks Reactor x2, Concussive Shells  
  137  8:15  Terran Vehicle Weapons Level 1  
  130  8:42  Barracks Tech Lab x3  
  135  8:49  Marauder  
  135  8:52  Siege Tank, Medivac x2  
  145  8:56  Command Center  
  145  9:01  Sensor Tower  
  145  9:02  Marauder  
  141  9:11  Marauder x2  
  147  9:21  Marauder  
  147  9:23  Medivac  
  157  9:30  Siege Tank, Marauder  
  163  9:36  Medivac  
  163  9:37  Marauder x2, Bunker  
  173  9:46  Marauder  
  173  9:54  Marauder  
Spawning Tool Build Advisor. Get it on Overwolf

Go to:

Details

  • Created by: Mithriel
  • Published on: May 10, 2018
  • Modified on: May 10, 2018
  • Patch: 4.0.0
Show
View Real Time Build Order
Export as new Build Order

Comments (1)

On Dec. 27, 2018, 7:26 p.m., Captainj2001  said:

The 43 and 55 supply depots are missing from the SALT encoding.

Create an account to comment!